TOP OF THE 1ST |
Syracuse Chiefs batting - Pitching for Albuquerque Isotopes : RHP Juan Barroso
|
Pitching: RHP Juan Barroso
|
|
Batting: RHB Jim Miske
|
0-0: Ball 1-0: Ball 2-0: Foul Ball, location: 2F 2-1: Ball 3-1: Foul Ball, location: 2F 3-2: Ground out 6-3 (Groundball, 6, EV 81.9 MPH)
|
Batting: RHB Dusty Ballard
|
0-0: Foul Ball, location: 2F 0-1: Ball 1-1: Foul Ball, location: 2F 1-2: Foul Ball, location: 2F 1-2: Ball 2-2: Strikes out swinging
|
Batting: LHB Jae-ik Soung
|
0-0: Foul Ball, location: 2F 0-1: DOUBLE (Flyball, 89D, EV 101.2 MPH)
|
Batting: RHB Donovan Auclair
|
0-0: SINGLE (Line Drive, 78M, EV 106.9 MPH) Jae-ik Soung to third Runner from 3rd tries for Home, SAFE, throw by CF to home
|
Batting: LHB Tom Reynolds
|
0-0: Called Strike 0-1: Called Strike 0-2: Strikes out swinging
|
Top of the 1st over - 1 run, 2 hits, 0 errors, 1 left on base; Syracuse 1 - Albuquerque 0 |
BOTTOM OF THE 1ST |
Albuquerque Isotopes batting - Pitching for Syracuse Chiefs : LHP Mike Tracy
|
Pitching: LHP Mike Tracy
|
|
Batting: RHB Logan Morgan
|
0-0: Called Strike 0-1: Ball 1-1: Foul Ball, location: 2F 1-2: Ground out 5-3 (Groundball, 5L, EV 91.9 MPH)
|
Batting: LHB Gabe Harvey
|
0-0: Foul Ball, location: 2F 0-1: Foul Ball, location: 2F 0-2: Ground out 6-3 (Groundball, 6, EV 76.9 MPH)
|
Batting: RHB Eddie McCoy
|
0-0: Foul Ball, location: 2F 0-1: Ball 1-1: Foul Ball, location: 2F 1-2: SINGLE (Groundball, 4MD, EV 98.1 MPH)
|
Batting: RHB Joe LaDue
|
0-0: Ball 1-0: Called Strike 1-1: Foul Ball, location: 2F 1-2: Ball 2-2: Fly out, F8 (Flyball, 8RD, EV 86.9 MPH)
|
Bottom of the 1st over - 0 runs, 1 hit, 0 errors, 1 left on base; Syracuse 1 - Albuquerque 0 |
TOP OF THE 2ND |
Syracuse Chiefs batting - Pitching for Albuquerque Isotopes : RHP Juan Barroso
|
Batting: RHB Kevin Whitenack
|
0-0: Ball 1-0: SINGLE (Line Drive, 34D, EV 109.4 MPH)
|
Batting: LHB John Luke
|
0-0: Foul Ball, location: 2F 0-1: Ball 1-1: Swinging Strike 1-2: SINGLE (Line Drive, 8LS, EV 108.8 MPH) Kevin Whitenack to second
|
Batting: RHB Gabe Almazan
|
0-0: Called Strike 0-1: Called Strike 0-2: Ball 1-2: Ball 2-2: Foul Ball, location: 2F 2-2: Strikes out swinging
|
Batting: SHB Alex Ethridge
|
0-0: SINGLE (Groundball, 6D, EV 105.6 MPH) Kevin Whitenack to third John Luke to second Runner from 3rd tries for Home, SAFE, throw by LF to home
|
Batting: RHB Jim Miske
|
0-0: Foul Ball, location: 2F 0-1: Foul Ball, location: 2F 0-2: Foul Ball, location: 2F 0-2: Strikes out looking
|
Batting: RHB Dusty Ballard
|
0-0: Foul Ball, location: 2F 0-1: Called Strike 0-2: Ball 1-2: Fly out, F8 (Flyball, 8LM, EV 83.8 MPH)
|
Top of the 2nd over - 1 run, 3 hits, 0 errors, 2 left on base; Syracuse 2 - Albuquerque 0 |
BOTTOM OF THE 2ND |
Albuquerque Isotopes batting - Pitching for Syracuse Chiefs : LHP Mike Tracy
|
Now in LF: Doug Anderson
|
|
Batting: RHB Mike Ball
|
0-0: Ball 1-0: Ball 2-0: Swinging Strike 2-1: Swinging Strike 2-2: Ball 3-2: Ground out 5-3 (Groundball, 56S, EV 83.8 MPH)
|
Batting: LHB Alfredo de la Cruz
|
0-0: Swinging Strike 0-1: Ball 1-1: Ball 2-1: SOLO HOME RUN (Line Drive, 9D, EV 106.2 MPH), Distance : 404 ft
|
Batting: LHB Pablo Cardona
|
0-0: Foul Ball, location: 2F 0-1: Ball 1-1: Ball 2-1: Ball 3-1: Foul Ball, location: 2F 3-2: SINGLE (Groundball, 4, EV 97.5 MPH)
|
Batting: SHB Josh Schultze
|
0-0: SINGLE (Groundball, 6M, EV 94.4 MPH) Pablo Cardona to second
|
Batting: RHB Bobby Heagle
|
0-0: Ball Balk! Pablo Cardona to third Josh Schultze to second 1-0: Ball 2-0: Called Strike 2-1: Ball 3-1: Swinging Strike 3-2: Base on Balls
|
Batting: RHB Logan Morgan
|
0-0: Ball 1-0: Swinging Strike Passed Ball! Pablo Cardona scores Josh Schultze to third Bobby Heagle to second 1-1: Ball 2-1: Ball 3-1: Swinging Strike 3-2: Strikes out swinging
|
Batting: LHB Gabe Harvey
|
0-0: Foul Ball, location: 2F 0-1: Foul Ball, location: 2F 0-2: Ball 1-2: Foul Ball, location: 2F 1-2: Foul Ball, location: 2F 1-2: Foul Ball, location: 2F 1-2: Strikes out swinging
|
Bottom of the 2nd over - 2 runs, 3 hits, 0 errors, 2 left on base; Syracuse 2 - Albuquerque 2 |
TOP OF THE 3RD |
Syracuse Chiefs batting - Pitching for Albuquerque Isotopes : RHP Juan Barroso
|
Batting: LHB Jae-ik Soung
|
0-0: Ball 1-0: Called Strike 1-1: Ball 2-1: Called Strike 2-2: Ball 3-2: Fly out, F4 (Popup, 4, EV 76.2 MPH)
|
Batting: RHB Donovan Auclair
|
0-0: Ball 1-0: Ball 2-0: Foul Ball, location: 2F 2-1: Ball 3-1: Foul Ball, location: 2F 3-2: Ground out 6-3 (Groundball, 6, EV 81.2 MPH)
|
Batting: LHB Tom Reynolds
|
0-0: SINGLE (Groundball, 34D, EV 103.1 MPH)
|
Batting: LHB Doug Anderson
|
0-0: Swinging Strike 0-1: Called Strike 0-2: Foul Ball, location: 2F 0-2: Strikes out swinging
|
Top of the 3rd over - 0 runs, 1 hit, 0 errors, 1 left on base; Syracuse 2 - Albuquerque 2 |
BOTTOM OF THE 3RD |
Albuquerque Isotopes batting - Pitching for Syracuse Chiefs : LHP Mike Tracy
|
Batting: RHB Eddie McCoy
|
0-0: Ball 1-0: Ball 2-0: Swinging Strike 2-1: Fly out, F8 (Line Drive, 8RM, EV 87.5 MPH)
|
Batting: RHB Joe LaDue
|
0-0: Ball 1-0: Called Strike 1-1: Ball 2-1: Foul Ball, location: 2F 2-2: Strikes out swinging
|
Batting: RHB Mike Ball
|
0-0: Ground out 6-3 (Groundball, 6, EV 81.2 MPH)
|
Bottom of the 3rd over - 0 runs, 0 hits, 0 errors, 0 left on base; Syracuse 2 - Albuquerque 2 |
TOP OF THE 4TH |
Syracuse Chiefs batting - Pitching for Albuquerque Isotopes : RHP Juan Barroso
|
Batting: LHB John Luke
|
0-0: Ball 1-0: Called Strike 1-1: Ball 2-1: Ball 3-1: Called Strike 3-2: Fly out, F6 (Popup, 6, EV 76.9 MPH)
|
Batting: RHB Gabe Almazan
|
0-0: SINGLE (Groundball, 6MD, EV 100.6 MPH)
|
Batting: SHB Alex Ethridge
|
0-0: Called Strike 0-1: Swinging Strike 0-2: Ball 1-2: Ball 2-2: Ball Wild Pitch! Gabe Almazan to second 3-2: SINGLE (Line Drive, 34D, EV 103.8 MPH) Gabe Almazan to third Runner from 3rd tries for Home, SAFE, throw by RF to home
|
Batting: RHB Jim Miske
|
0-0: Ball 1-0: Ball 2-0: Ball 3-0: Called Strike 3-1: Called Strike 3-2: Strikes out swinging Alex Ethridge steals 2nd base Batter strikes out.
|
Pitching: RHP Jake Koehler
|
|
Batting: RHB Dusty Ballard
|
0-0: Foul Ball, location: 2F 0-1: Foul Ball, location: 2F 0-2: Ball 1-2: Ball 2-2: Foul Ball, location: 2F 2-2: Foul Ball, location: 2F 2-2: Ball 3-2: SINGLE (Groundball, 6MD, EV 106.9 MPH) Alex Ethridge to third Runner from 3rd tries for Home, SAFE, throw by CF to home
|
Batting: LHB Jae-ik Soung
|
0-0: Called Strike 0-1: Swinging Strike 0-2: Ball 1-2: Ball 2-2: Fly out, F2 (Popup, 5SF, EV 71.2 MPH)
|
Top of the 4th over - 2 runs, 3 hits, 0 errors, 1 left on base; Syracuse 4 - Albuquerque 2 |
BOTTOM OF THE 4TH |
Albuquerque Isotopes batting - Pitching for Syracuse Chiefs : LHP Mike Tracy
|
Batting: LHB Alfredo de la Cruz
|
0-0: Called Strike 0-1: Fly out, F7 (Flyball, 78M, EV 83.8 MPH)
|
Batting: LHB Pablo Cardona
|
0-0: Ball 1-0: Fly out, F7 (Flyball, 7, EV 81.2 MPH)
|
Batting: SHB Josh Schultze
|
0-0: Foul Ball, location: 2F 0-1: Foul Ball, location: 2F 0-2: Ball 1-2: Fly out, F3 (Popup, 23F, EV 86.2 MPH)
|
Bottom of the 4th over - 0 runs, 0 hits, 0 errors, 0 left on base; Syracuse 4 - Albuquerque 2 |
TOP OF THE 5TH |
Syracuse Chiefs batting - Pitching for Albuquerque Isotopes : RHP Jake Koehler
|
Batting: RHB Donovan Auclair
|
0-0: Ball 1-0: Ground out 4-3 (Groundball, 4D, EV 95.0 MPH)
|
Batting: LHB Tom Reynolds
|
0-0: Foul Ball, location: 2F 0-1: Called Strike 0-2: Foul Ball, location: 2F 0-2: Foul Ball, location: 2F 0-2: Ball 1-2: Foul Ball, location: 2F 1-2: Ball 2-2: Ball 3-2: Strikes out looking
|
Batting: LHB Doug Anderson
|
0-0: Called Strike 0-1: Ball 1-1: Foul Ball, location: 2F 1-2: Ball 2-2: Ball 3-2: Base on Balls
|
Batting: LHB John Luke
|
0-0: Fly out, F8 (Flyball, 78D, EV 85.0 MPH)
|
Top of the 5th over - 0 runs, 0 hits, 0 errors, 1 left on base; Syracuse 4 - Albuquerque 2 |
BOTTOM OF THE 5TH |
Albuquerque Isotopes batting - Pitching for Syracuse Chiefs : LHP Mike Tracy
|
Batting: RHB Bobby Heagle
|
0-0: SINGLE (Line Drive, 78M, EV 92.5 MPH)
|
Batting: RHB Logan Morgan
|
0-0: Called Strike 0-1: Ball 1-1: Ball 2-1: Called Strike 2-2: SINGLE (Groundball, 6, EV 98.1 MPH) Bobby Heagle to second
|
Batting: LHB Gabe Harvey
|
0-0: Foul Ball, location: 2F 0-1: Swinging Strike 0-2: Grounds out, U3 (Groundball, 3L, EV 83.8 MPH) Bobby Heagle to third
|
Batting: RHB Eddie McCoy
|
0-0: Called Strike 0-1: Swinging Strike 0-2: Ball 1-2: 3-RUN HOME RUN (Flyball, 78XD, EV 97.5 MPH), Distance : 401 ft
|
Pitching: RHP Dan Johnson
|
|
Batting: RHB Joe LaDue
|
0-0: Swinging Strike 0-1: Ball 1-1: Foul Ball, location: 2F 1-2: Ball 2-2: Ball 3-2: Base on Balls
|
Batting: RHB Mike Ball
|
0-0: Grounds into double play, 4-6-3 (Groundball, 4M, EV 105.6 MPH)
|
Bottom of the 5th over - 3 runs, 3 hits, 0 errors, 0 left on base; Syracuse 4 - Albuquerque 5 |
TOP OF THE 6TH |
Syracuse Chiefs batting - Pitching for Albuquerque Isotopes : RHP Jake Koehler
|
Batting: RHB Gabe Almazan
|
0-0: Called Strike 0-1: Ball 1-1: Ball 2-1: Called Strike 2-2: Strikes out swinging, 2-3 out at first.
|
Batting: SHB Alex Ethridge
|
0-0: Swinging Strike 0-1: Ball 1-1: Ball 2-1: Swinging Strike 2-2: Foul Ball, location: 2F 2-2: Foul Ball, location: 2F 2-2: SINGLE (Flyball, 6D, EV 93.8 MPH)
|
Batting: RHB Jim Miske
|
0-0: Foul Ball, location: 2F 0-1: Fly out, F8 (Line Drive, 8RM, EV 100.6 MPH)
|
Batting: RHB Dusty Ballard
|
0-0: Swinging Strike 0-1: Foul Ball, location: 2F 0-2: Ball 1-2: SINGLE (Line Drive, 7LS, EV 106.9 MPH) Alex Ethridge to second
|
Batting: LHB Jae-ik Soung
|
0-0: Ball 1-0: Ball 2-0: Ball 3-0: Base on Balls Alex Ethridge to third Dusty Ballard to second
|
Batting: RHB Donovan Auclair
|
0-0: Swinging Strike 0-1: Ball 1-1: Ball 2-1: Fly out, F8 (Flyball, 89D, EV 92.5 MPH)
|
Top of the 6th over - 0 runs, 2 hits, 0 errors, 3 left on base; Syracuse 4 - Albuquerque 5 |
BOTTOM OF THE 6TH |
Albuquerque Isotopes batting - Pitching for Syracuse Chiefs : RHP Dan Johnson
|
Batting: LHB Alfredo de la Cruz
|
0-0: Called Strike 0-1: Ball 1-1: Foul Ball, location: 2F 1-2: Foul Ball, location: 2F 1-2: Strikes out swinging
|
Batting: LHB Pablo Cardona
|
0-0: Ball 1-0: Called Strike 1-1: Foul Ball, location: 2F 1-2: Ball 2-2: Ball 3-2: SINGLE (Groundball, 4, EV 96.2 MPH)
|
Batting: SHB Josh Schultze
|
0-0: Swinging Strike 0-1: Ball 1-1: Foul Ball, location: 2F 1-2: Foul Ball, location: 2F 1-2: Foul Ball, location: 2F 1-2: Foul Ball, location: 2F 1-2: Grounds into double play, 4-6-3 (Groundball, 4, EV 82.5 MPH)
|
Bottom of the 6th over - 0 runs, 1 hit, 0 errors, 0 left on base; Syracuse 4 - Albuquerque 5 |
TOP OF THE 7TH |
Syracuse Chiefs batting - Pitching for Albuquerque Isotopes : RHP Jake Koehler
|
Pitching: RHP Paulo Guincho
|
|
Batting: LHB Tom Reynolds
|
0-0: Ball 1-0: Ground out U3 (Groundball, 3, EV 101.9 MPH)
|
Batting: LHB Doug Anderson
|
0-0: Ball 1-0: Ball 2-0: SINGLE (Line Drive, 34D, EV 106.2 MPH)
|
Batting: LHB John Luke
|
0-0: Ball 1-0: Called Strike 1-1: Swinging Strike 1-2: Foul Ball, location: 2F 1-2: Fly out, F5 (Popup, 56S, EV 78.8 MPH)
|
Pinch Hitting: LHB Dana McDonald
|
0-0: Called Strike Doug Anderson steals 2nd base 0-1: Ball 1-1: Ball 2-1: Ball 3-1: Called Strike 3-2: Base on Balls
|
Batting: SHB Alex Ethridge
|
0-0: Foul Ball, location: 2F 0-1: Ball 1-1: Called Strike 1-2: SINGLE (Line Drive, 4D, EV 100.6 MPH) Doug Anderson to third Dana McDonald to second
|
Batting: RHB Jim Miske
|
0-0: Foul Ball, location: 2F 0-1: Called Strike 0-2: Ball 1-2: Ground out 5-3 (Groundball, 5S, EV 87.5 MPH)
|
Top of the 7th over - 0 runs, 2 hits, 0 errors, 3 left on base; Syracuse 4 - Albuquerque 5 |
BOTTOM OF THE 7TH |
Albuquerque Isotopes batting - Pitching for Syracuse Chiefs : RHP Dan Johnson
|
Pitching: RHP Ruben Nevarel
|
|
Now at 2B: Donovan Auclair
|
|
Now at 3B: Dana McDonald
|
|
Now at SS: Dusty Ballard
|
|
Batting: RHB Bobby Heagle
|
0-0: Foul Ball, location: 2F 0-1: SINGLE (Groundball, 15S, EV 68.1 MPH) (infield hit)
|
Batting: RHB Logan Morgan
|
0-0: Grounds into double play, 5-4-3 (Groundball, 56, EV 90.6 MPH)
|
Batting: LHB Gabe Harvey
|
0-0: TRIPLE (Flyball, 89XD, EV 100.0 MPH)
|
Batting: RHB Eddie McCoy
|
0-0: Ball 1-0: Ball 2-0: Foul Ball, location: 2F 2-1: Ball 3-1: Swinging Strike 3-2: SINGLE (Groundball, 56, EV 98.8 MPH) Gabe Harvey scores
|
Batting: RHB Joe LaDue
|
0-0: Ground out 4-3 (Groundball, 4, EV 86.9 MPH)
|
Bottom of the 7th over - 1 run, 3 hits, 0 errors, 1 left on base; Syracuse 4 - Albuquerque 6 |
TOP OF THE 8TH |
Syracuse Chiefs batting - Pitching for Albuquerque Isotopes : RHP Paulo Guincho
|
Batting: RHB Dusty Ballard
|
0-0: Ball 1-0: Swinging Strike 1-1: SINGLE (Line Drive, 9S, EV 85.6 MPH)
|
Batting: LHB Jae-ik Soung
|
0-0: Called Strike 0-1: Ball 1-1: Ball 2-1: Foul Ball, location: 2F 2-2: Strikes out swinging
|
Batting: RHB Donovan Auclair
|
0-0: Called Strike 0-1: Foul Ball, location: 2F 0-2: Ball 1-2: Ball 2-2: Strikes out swinging
|
Batting: LHB Tom Reynolds
|
0-0: Ball 1-0: Foul Ball, location: 2F 1-1: Foul Ball, location: 2F 1-2: Ball 2-2: Foul Ball, location: 2F 2-2: Fly out, F7 (Flyball, 7LD, EV 103.1 MPH)
|
Top of the 8th over - 0 runs, 1 hit, 0 errors, 1 left on base; Syracuse 4 - Albuquerque 6 |
BOTTOM OF THE 8TH |
Albuquerque Isotopes batting - Pitching for Syracuse Chiefs : RHP Ruben Nevarel
|
Batting: RHB Mike Ball
|
0-0: Ball 1-0: SINGLE (Groundball, 34D, EV 93.8 MPH)
|
Batting: LHB Alfredo de la Cruz
|
0-0: Ball 1-0: Ball Mike Ball is caught stealing 2nd base 2-6 2-0: Foul Ball, location: 2F 2-1: Ball 3-1: Called Strike 3-2: Ground out 6-3 (Groundball, 6M, EV 103.1 MPH)
|
Batting: LHB Pablo Cardona
|
0-0: SINGLE (Groundball, 4MD, EV 105.0 MPH)
|
Batting: SHB Josh Schultze
|
0-0: SINGLE (Flyball, 56D, EV 87.5 MPH) Pablo Cardona to second
|
Batting: RHB Bobby Heagle
|
0-0: Called Strike 0-1: Called Strike 0-2: Ball 1-2: Strikes out swinging
|
Bottom of the 8th over - 0 runs, 3 hits, 0 errors, 2 left on base; Syracuse 4 - Albuquerque 6 |
TOP OF THE 9TH |
Syracuse Chiefs batting - Pitching for Albuquerque Isotopes : RHP Paulo Guincho
|
Pitching: RHP Humberto Gutierrez
|
|
Batting: LHB Doug Anderson
|
0-0: Ball 1-0: Foul Ball, location: 2F 1-1: Called Strike 1-2: Foul Ball, location: 2F 1-2: Foul Ball, location: 2F 1-2: Ground out 1-3 (Groundball, 13, EV 67.5 MPH)
|
Batting: LHB John Luke
|
0-0: Called Strike 0-1: Ball 1-1: SINGLE (Flyball, 9LS, EV 88.8 MPH)
|
Batting: LHB Dana McDonald
|
0-0: Ball 1-0: Swinging Strike 1-1: Foul Ball, location: 2F 1-2: Strikes out swinging
|
Batting: SHB Alex Ethridge
|
0-0: Ground out 4-3 (Groundball, 4D, EV 98.8 MPH)
|
Top of the 9th over - 0 runs, 1 hit, 0 errors, 1 left on base; Syracuse 4 - Albuquerque 6 |
|